 Dungeon Crawl Stone Soup version 0.29.1-13-g9f3cf754e1 (webtiles) character file.

Game seed: 2104932847365183110

45 H0rd4k the Charlatan (level 3, -10/24 HPs)
             Began as an Octopode Artificer on Feb 7, 2023.
             Killed from afar by Ijyb (13 damage)
             ... with a bolt of light
             ... on level 3 of the Dungeon.
             The game lasted 00:01:02 (2304 turns).

H0rd4k the Charlatan (Octopode Artificer)           Turns: 2304, Time: 00:01:03

Health: -10/24     AC:  1    Str: 11    XL:     3   Next: 64%
Magic:  14/14      EV: 13    Int: 15    God:
Gold:   115        SH:  0    Dex: 12    Spells: 5/5 levels left

rFire   . . .      SeeInvis .     - Unarmed
rCold   . . .      Faith    .   (no shield)
rNeg    . . .      Spirit   .   (helmet restricted)
rPois   .          Reflect  .   (no amulet)
rElec   .          Harm     .   f - ring of magical power
rCorr   .          Rampage  .   (no ring)
Will    .....                   (no ring)
Stlth   +++.......              (no ring)
HPRegen 0.08/turn               (no ring)
MPRegen 0.14/turn               (no ring)
                                (no ring)
                                (no ring)

@: no status effects
A: almost no armour, amphibious, 8 rings, camouflage 1, gelatinous body 1,
(nimble swimmer 1), tentacles
a: no special abilities


You were on level 3 of the Dungeon.
You visited 1 branch of the dungeon, and saw 3 of its levels.

You collected 115 gold pieces.

Inventory:

Jewellery
 f - a ring of magical power (left tentacle)
Wands
 b - a wand of flame (15) (quivered)
 c - a wand of charming (14)
 d - a wand of iceblast (5)
Scrolls
 a - 3 scrolls of identify {unknown}
 e - 2 scrolls of teleportation {unknown}
 i - a scroll of acquirement {unknown}
 l - a scroll of vulnerability {unknown}
 m - a scroll of magic mapping {unknown}
 n - a scroll of noise {unknown}
Potions
 g - a potion of resistance {unknown}
 h - a potion of lignification {unknown}
 j - 2 potions of mutation {unknown}
 k - a potion of attraction {unknown}
 o - a potion of curing {unknown}


   Skills:
 * Level 2.0 Fighting
 - Level 2.3 Dodging
 - Level 1.3 Stealth
 + Level 1.3 Unarmed Combat
 * Level 1.7 Spellcasting
 - Level 3.2 Evocations


You had 5 spell levels left.
You didn't know any spells.
Your spell library was empty.

Dungeon Overview and Level Annotations

Branches:
Dungeon (3/15)

Altars:

Shops:
D:1 [

Annotations:
D:3 Ijyb


Innate Abilities, Weirdness & Mutations

You cannot wear most types of armour.
You are amphibious.
You can wear up to eight rings at the same time.
Your skin changes colour to match your surroundings (Stealth+).
Your rubbery body absorbs attacks. (AC +1, EV +1)
((You are camouflaged when in or above water. (Stealth+)))
You have tentacles for arms and can constrict up to eight enemies at once.


Message History

The bolt of light hits you!!
Ouch! That really hurt!
* * * LOW HITPOINT WARNING * * *
You are too injured to fight recklessly!
There are monsters nearby!
There are monsters nearby!
There are monsters nearby!
You are too injured to fight recklessly!
You are too injured to fight recklessly!
You are too injured to fight recklessly!
You are too injured to fight recklessly!
There are monsters nearby!
There are monsters nearby!
There are monsters nearby!
There are monsters nearby!
Aiming: Charm
Press: ? - help, Shift-Dir - straight line, f - bat
Aim: a bat (chance to affect: 73%)
Okay, then.
Unknown command.
Saving game... please wait.
Level annotation: Ijyb Welcome back, H0rd4k the Octopode Artificer.
Press ? for a list of commands and other information.
Aiming: Charm
Press: ? - help, Shift-Dir - straight line, f - Ijyb
Aim: Ijyb, wielding a +0 club, wearing a +4 chain mail and carrying a wand of light (12) (chance to affect: 66%) Ijyb is charmed.
The bat hits you but does no damage.
Unknown command.
What are your orders? t - Shout!
Orders for allies: a - Attack new target. p - Attack previous target. r - Retreat! s - Stop attacking. g - Guard the area. f - Follow me.
Anything else - Cancel.
Guard this area!
The bat misses you.
Ijyb zaps a wand.
The bolt of light hits you!
Ouch! That really hurt!
You die...

### #.. #####.#
.....# #.##.# #
#g##.########
#...###@...<.......
#.....b.##.########
##..###K##.# #
..)... #...#...
....>.#.#
.......#.#
#.....##.# ##...##


You could see a bat (ally target), a kobold and the friendly Ijyb (charmed).

Vanquished Creatures
  An adder (D:2)
  A worm (D:2)
  3 bats
  5 endoplasms
  A giant cockroach (D:1)
  2 goblins (D:2)
  A hobgoblin (D:2)
  3 jackals (D:2)
  2 quokkas (D:2)
  4 ball pythons
  4 kobolds
  4 rats
31 creatures vanquished.

Notes
Turn   | Place    | Note
-------+----------+-------------------------------------------
     0 | D:1      | H0rd4k the Octopode Artificer began the quest for the Orb.
     0 | D:1      | Reached XP level 1. HP: 13/13 MP: 1/1
   417 | D:1      | Found Nuetwuux's Antique Armour Shop.
   435 | D:1      | Reached skill level 1 in Spellcasting
   435 | D:1      | Reached XP level 2. HP: 18/18 MP: 3/3
  1457 | D:2      | Found a faded altar of an unknown god.
  1470 | D:2      | Reached XP level 3. HP: 24/24 MP: 5/5
  1734 | D:2      | Reached skill level 1 in Unarmed Combat
  2300 | D:3      | Noticed Ijyb
  2304 | D:3      | Killed from afar by Ijyb

Illustrated notes

Levels and vault maps discovered:
D:1:      dpeg_arrival_refuge, layout_basic, serial_shops, shop,
          minmay_misc_feat_plants
D:2:      layout_loops_ring, ebering_ecumenical_altar_sacrificial
D:3:      layout_loops_ring, uniq_ijyb

Skill      XL: |  1  2  3 |
---------------+----------+-----
Spellcasting   | 1 |  1.7
Unarmed Combat | 1 |  1.3
Fighting       | 2 |  2.0
Dodging        | |  2.3
Stealth        | |  1.3
Evocations     | |  3.2

Action                   || total
-------------------------++-------
Melee: Unarmed           ||    78
       Tentacles         ||    19
       Constrict         ||    18
       Punch             ||     2
Evoke: Wand              ||     1
 Stab: Sleeping          ||     7
Armor: Skin              ||     7
Dodge: Dodged            ||    48
